 Dungeon Crawl Stone Soup version 0.23-a0-130-g0e7800e (webtiles) character file.

7946 iamserjio the Nimble (level 11, -13/71 HPs)
             Began as a Tengu Wanderer on Aug 27, 2018.
             Was an Initiate of Ashenzari.
             Mangled by a spiny frog (21 damage)
             ... on level 2 of the Lair of Beasts.
             The game lasted 00:29:40 (11543 turns).

iamserjio the Nimble (Tengu Wanderer)              Turns: 11543, Time: 00:29:41

Health: -13/71     AC:  6    Str: 11    XL:     11   Next: 23%
Magic:  24/24      EV: 19    Int: 12    God:    Ashenzari [......]
Gold:   231        SH:  0    Dex: 19    Spells: 12/12 levels left

rFire    . . .     SeeInvis .   T - +2 scimitar (flame)
rCold    . . .     Gourm    .   (no shield)
rNeg     . . .     Faith    .   j - +0 ring mail
rPois    .         Spirit   .   W - +0 hat {MR+}
rElec    .         Reflect  .   n - +0 cloak
rCorr    .         Harm     .   (no gloves)
MR       +....                  (boots unavailable)
Stlth    +.........             (no amulet)
HPRegen  0.21/turn              e - +1 ring of evasion
MPRegen  0.19/turn              M - ring of magical power

@: lethally poisoned (-13 -> -25)
A: beak, talons 3, able to fly 1
a: Fly, Curse Item, Renounce Religion


You were on level 2 of the Lair of Beasts.
You worshipped Ashenzari.
Ashenzari was noncommittal.
You were hungry.

You visited 3 branches of the dungeon, and saw 12 of its levels.

You collected 761 gold pieces.
You spent 530 gold pieces at shops.

Inventory:

Hand Weapons
 a - a +2 spear
 r - a +0 long sword
 u - a +0 hunting sling
 N - a +0 dagger of electrocution
 T - a +2 scimitar of flaming (weapon)
Missiles
 h - 255 stones (quivered)
 i - 84 sling bullets
 s - 144 arrows
 x - 11 tomahawks
Armour
 d - a +0 robe
 j - a +0 ring mail (worn)
 n - a +0 cloak (worn)
 y - a +0 leather armour
 I - a +3 chain mail
 Q - a +0 robe of magic resistance
 W - a +0 hat of magic resistance (worn)
Jewellery
 e - a +1 ring of evasion (left hand)
 E - an uncursed ring of ice
 M - a ring of magical power (right hand)
 R - an uncursed ring of fire
Wands
 k - a wand of flame (29)
 w - a wand of iceblast (5)
 D - a wand of enslavement (20)
 F - a wand of scattershot (3)
 V - a wand of acid (6)
 X - a wand of disintegration (17)
 Y - a wand of random effects (27)
Scrolls
 m - 3 scrolls of random uselessness
 o - 9 scrolls of teleportation
 q - 6 scrolls of remove curse {@r2}
 t - 3 scrolls of enchant armour {unknown}
 C - 4 scrolls of magic mapping {unknown}
 H - a scroll of fog {unknown}
 L - 2 scrolls of amnesia {unknown}
 O - a scroll of blinking {unknown}
 S - 2 scrolls of fear {unknown}
Potions
 b - 2 potions of might
 c - 3 potions of lignification
 g - 2 potions of mutation
 l - a potion of resistance
 p - 4 potions of curing {@q1}
 v - 3 potions of flight
 z - a potion of magic
 A - 3 potions of degeneration
 B - 2 potions of haste
 G - a potion of brilliance {unknown}
 J - a potion of cancellation {unknown}
 K - 3 potions of agility {unknown}
 P - a potion of heal wounds
Miscellaneous
 U - a fan of gales
Comestibles
 f - 17 rations


   Skills:
 - Level 9.1 Fighting
 - Level 10.1 Long Blades
 - Level 2.8 Polearms
 - Level 1.0 Throwing
 * Level 0.9 Armour
 * Level 10.6 Dodging
 - Level 1.0 Stealth
   Level 1.0 Shields
 - Level 1.0 Spellcasting
   Level 1.5 Translocations
   Level 1.3 Earth Magic
 + Level 4.2 Evocations


You had 12 spell levels left.
You didn't know any spells.
Your spell library contained the following spells:

 Spells                   Type           Power        Failure   Level  Hunger
 Beastly Appendage        Tmut           #.....       58%         1    ##.....
 Corona                   Hex            #......      58%         1    ##.....
 Slow                     Hex            #.......     73%         2    ###....
 Portal Projectile        Hex/Tloc       #.....       85%         3    ####...
 Inner Flame              Hex/Fire       #.......     91%         3    ####...
 Spider Form              Tmut/Pois      #.........   91%         3    ####...
 Leda's Liquefaction      Hex/Erth       #.........   99%         4    #####..
 Cause Fear               Hex            #.........   100%        4    #####..


Dungeon Overview and Level Annotations

Branches:
Dungeon (9/15)             Temple (1/1) D:6            Lair (2/6) D:8
  Swamp: Lair:2-4    Shoals: Lair:2-4     Snake: Lair:2-4    Spider: Lair:2-4
    Orc: D:9-12

Altars:
Ashenzari
Cheibriados
Dithmenos
Elyvilon
Fedhas
Gozag
Hepliaklqana
Kikubaaqudgha
Makhleb
Nemelex Xobeh
Okawaru
Qazlal
Ru
Sif Muna
Trog
Uskayaw
Vehumet
Wu Jian
Xom
Yredelemnul
Zin
The Shining One

Shops:
D:4 }!*   D:8 (

Annotations:
D:8 exclusion: ice statue


Innate Abilities, Weirdness & Mutations

You have a beak for a mouth.
You have claws for feet.
You can fly.


Message History

You hit the spiny frog. You burn the spiny frog.
The spiny frog is severely wounded.
The spiny frog stings you but does no damage.
You hit the spiny frog but do no damage.
The spiny frog is severely wounded.
You feel sick. The spiny frog stings you!
Evoke which item? (* to show all) (? for menu, Esc to quit)
Aiming: Iceblast
Press: ? - help, Shift-Dir - straight line The mass of ice explodes!
The iceblast engulfs the spiny frog.
The spiny frog is severely wounded.
You feel sick.
You hear an angry hiss.
The spiny frog stings you!!
* * * LOW HITPOINT WARNING * * *
You feel better. The spiny frog stings you.
* * * LOW HITPOINT WARNING * * *
You are lethally poisoned!
The spiny frog poisons you! The spiny frog stings you!!
You die...

......
......###
......#.### #
..........###.#
..P....!.......
#........P.
##......F#
.#P.....@.#
#.........###
.$..........#
...........##
###..###..## ..
### #...# .#
##..## .##
#...## ..##
##...# ...


You could see a spiny frog.

Vanquished Creatures
  Gastronok (Lair:1)
  Erica (Lair:1)
  A black mamba (Lair:1)
  3 spiny frogs (Lair:1)
  A komodo dragon (Lair:2)
  2 hippogriffs
  Grum (D:7)
  An acid dragon (D:7)
  A porcupine (Lair:1)
  3 orc warriors
  An ice beast (D:7)
  A sky beast (D:8)
  A necrophage (D:6)
  3 ogres (D:5)
  9 wolves
  2 centaurs
  2 crocodiles (Lair:1)
  Blork the orc (D:6)
  8 bullfrogs
  2 scorpions
  6 howler monkeys
  A crimson imp (D:7)
  A quasit (D:9)
  A bullfrog skeleton (D:5)
  2 hounds
  3 jellies
  An iguana (D:5)
  4 orc wizards
  7 worker ants
  A killer bee zombie (D:6)
  2 hound skeletons
  4 gnolls (D:4)
  9 adders
  A shadow imp (D:7)
  2 oozes
  2 adder skeletons
  2 adder zombies
  7 leopard geckos
  27 orcs
  3 giant cockroaches
  6 goblins
  6 hobgoblins
  5 jackals
  9 kobolds
  5 quokkas
  2 ball pythons
  4 bats
  5 frilled lizards
  2 leopard gecko skeletons
  12 rats
187 creatures vanquished.

Vanquished Creatures (collateral kills)
  A bullfrog (D:9)
  An orc priest (D:9)
  3 orcs (D:9)
5 creatures vanquished.

Vanquished Creatures (others)
  An orc priest (D:9)
  A fungus (Lair:1)
2 creatures vanquished.

Grand Total: 194 creatures vanquished

Notes
Turn   | Place    | Note
-------+----------+-------------------------------------------
     0 | D:1      | iamserjio the Tengu Wanderer began the quest for the Orb.
     0 | D:1      | iamserjio set off with: a +2 spear, a potion of
                  | lignification, a +0 robe, a ration
     0 | D:1      | Reached XP level 1. HP: 12/12 MP: 3/3
    50 | D:1      | Reached skill level 1 in Polearms
    53 | D:1      | Reached XP level 2. HP: 15/17 MP: 4/4
    56 | D:1      | Reached skill level 1 in Dodging
   465 | D:2      | You fall through a shaft!
   489 | D:3      | Reached XP level 3. HP: 14/21 MP: 5/5
  1011 | D:3      | Reached skill level 1 in Long Blades
  1011 | D:3      | Reached XP level 4. HP: 20/26 MP: 6/6
  1370 | D:4      | Found Gonus's Distillery.
  1395 | D:4      | Found Fyump's Gadget Shoppe.
  1465 | D:4      | Bought a wand of iceblast (11) for 150 gold pieces
  1496 | D:4      | Gained mutation: You can fly. [Tengu growth]
  1496 | D:4      | Reached XP level 5. HP: 22/30 MP: 7/7
  1724 | D:4      | Found Nosori's General Store.
  1989 | D:4      | Reached XP level 6. HP: 24/35 MP: 8/8
  2398 | D:4      | Bought a potion of might for 48 gold pieces
  2398 | D:4      | Bought a potion of degeneration for 12 gold pieces
  2419 | D:5      | Entered Level 5 of the Dungeon
  2677 | D:5      | Found a shattered altar of Ashenzari.
  2936 | D:5      | Reached skill level 5 in Long Blades
  3248 | D:5      | Reached XP level 7. HP: 24/40 MP: 9/9
  3600 | D:5      | Reached skill level 1 in Evocations
  3854 | D:2      | Found a sacrificial altar of Ru.
  4410 | D:6      | Reached skill level 5 in Dodging
  4410 | D:6      | Reached XP level 8. HP: 22/46 MP: 10/10
  4620 | D:6      | Noticed Blork the orc
  4861 | D:6      | Found a staircase to the Ecumenical Temple.
  4866 | Temple   | Entered the Ecumenical Temple
  4920 | Temple   | Became a worshipper of Ashenzari the Shackled
  5010 | D:6      | Killed Blork the orc
  5621 | D:7      | Found a radiant altar of Vehumet.
  6102 | D:7      | Reached XP level 9. HP: 48/53 MP: 12/12
  6117 | D:7      | Reached skill level 5 in Fighting
  6891 | D:8      | Found Emeufoupp's Antique Weapon Emporium.
  7216 | D:4      | Bought a wand of iceblast (5) for 90 gold pieces
  7216 | D:4      | Bought a wand of iceblast (6) for 100 gold pieces
  7216 | D:4      | Bought a wand of enslavement (11) for 130 gold pieces
  7471 | D:8      | Noticed Grum
  7489 | D:7      | Killed Grum
  8006 | D:8      | Found a blossoming altar of Fedhas.
  8008 | D:8      | Found a staircase to the Lair.
  8134 | D:8      | Noticed an ice statue
  8894 | D:9      | Reached XP level 10. HP: 14/61 MP: 13/13
  9284 | D:9      | Noticed a centaur warrior
  9286 | D:9      | Noticed a cyan ugly thing
  9287 | D:9      | Noticed a four-headed hydra
  9532 | Lair:1   | Entered Level 1 of the Lair of Beasts
  9541 | Lair:1   | Noticed a spiny frog
  9558 | Lair:1   | Killed a spiny frog
 10093 | Lair:1   | Noticed a spiny frog
 10102 | Lair:1   | Killed a spiny frog
 10103 | Lair:1   | Noticed Erica
 10398 | Lair:1   | Killed Erica
 10428 | Lair:1   | Noticed a black mamba
 10431 | Lair:1   | Noticed a spiny frog
 10435 | Lair:1   | Killed a black mamba
 10435 | Lair:1   | Reached skill level 10 in Long Blades
 10440 | Lair:1   | Killed a spiny frog
 10870 | Lair:1   | Noticed Gastronok
 10877 | Lair:1   | Killed Gastronok
 10877 | Lair:1   | Reached skill level 10 in Dodging
 10877 | Lair:1   | Reached XP level 11. HP: 71/71 MP: 15/15
 11542 | Lair:2   | HP: 3/71 [spiny frog (20)]
 11543 | Lair:2   | Mangled by a spiny frog

Vault maps used:
D:1:      minmay_arrival_four_circles
D:2:      first_ration, hangedman_ru_absence
D:4:      serial_shops, nicolae_shop_statue_plus, shop, nicolae_shop_crystal,
          minmay_crystal_room
D:5:      basic_altar
D:6:      temple_doors_cd, portal_sewer_entry_e, hangedman_decor_opposing,
          uniq_blork_the_orc
D:7:      vehumet_crystals
D:8:      lemuel_ice_statue, lair_entry_dummy, serial_shops,
          nicolae_shop_crystal, basic_altar, uniq_grum
D:9:      minmay_the_grid_3x2
Temple:   compressed_dpeg_circular_temple
Lair:1:   uniq_erica, uniq_gastronok
Lair:2:   spider_nest_entry_rubble, minmay_lair_oklob_chamber,
          infiniplex_staircase_pool

Skill      XL: |  1  2  3  4  5  6  7  8  9 10 |
---------------+-------------------------------+-----
Polearms       | 1 2 |  2.8
Dodging        | 1 2 3 4 5 6 8 10 | 10.6
Long Blades    | 1 2 3 5 6 7 8 10 | 10.1
Evocations     | 2 3 4 |  4.2
Fighting       | 3 4 6 9 |  9.1
Throwing       | |  1.0
Armour         | |  0.9
Stealth        | |  1.0
Shields        | |  1.0
Spellcasting   | |  1.0
Translocations | |  1.5
Earth Magic    | |  1.3

Action                   |  1- 3 |  4- 6 |  7- 9 | 10-12 || total
-------------------------+-------+-------+-------+-------++-------
Melee: Spear             |    90 |    79 |       |       ||   169
       Kick              |     7 |    37 |   107 |    51 ||   202
       Peck              |     4 |    30 |    62 |    28 ||   124
       Long sword        |       |    47 |   305 |    68 ||   420
       Scimitar          |       |       |       |    43 ||    43
Throw: Stone             |       |       |     1 |     1 ||     2
 Abil: Fly               |       |       |     4 |     2 ||     6
Evoke: Wand              |       |     1 |    20 |    17 ||    38
  Use: Scroll            |       |     5 |     7 |     2 ||    14
       Potion            |       |       |     3 |     1 ||     4
 Stab: Sleeping          |     1 |     1 |     1 |       ||     3
       Distracted        |       |       |     1 |     1 ||     2
  Eat: Chunk             |       |     7 |    15 |     9 ||    31
       Ration            |       |       |     1 |       ||     1
Armor: Robe              |    14 |     7 |       |       ||    21
       Leather armour    |       |    10 |    47 |     7 ||    64
       Skin              |       |       |     7 |       ||     7
       Ring mail         |       |       |       |    13 ||    13
Dodge: Dodged            |    36 |    75 |   257 |   129 ||   497
       Rpst.: Long sword |       |    14 |    91 |    18 ||   123
       Scimitar          |       |       |       |    13 ||    13

Table legend:
 A = Non-vault XP
 B = Vault XP
 C = Vault XP percentage of total XP
 D = Non-vault monster count
 E = Vault monster count
 F = Vault count percentage of total count
                 A         B        C        D         E       F
            +---------+---------+-------+---------+---------+-------
      Total |    7620 |    3732 |  32.9 |     184 |       8 |   4.2
            +---------+---------+-------+---------+---------+-------
        D:1 |      30 |       0 |   0.0 |      19 |       0 |   0.0
        D:2 |      64 |       0 |   0.0 |      19 |       0 |   0.0
        D:3 |      90 |       0 |   0.0 |      22 |       0 |   0.0
        D:4 |     237 |       0 |   0.0 |      20 |       0 |   0.0
        D:5 |     700 |       0 |   0.0 |      21 |       0 |   0.0
        D:6 |     511 |     102 |  16.6 |      13 |       1 |   7.1
        D:7 |    1282 |     296 |  18.8 |      29 |       2 |   6.5
        D:8 |     378 |     230 |  37.8 |       9 |       2 |  18.2
        D:9 |     758 |      45 |   5.6 |      15 |       1 |   6.2
     Lair:1 |    3203 |    3059 |  48.9 |      16 |       2 |  11.1
     Lair:2 |     367 |       0 |   0.0 |       1 |       0 |   0.0
            +---------+---------+-------+---------+---------+-------
